 Dungeon Crawl Stone Soup version 0.26.1-11-gd32895ea62 (webtiles) character file.

Game seed: 10625238491326016690

156 nothank2 the Vexing (level 5, -2/24 HPs)
             Began as a Spriggan Enchanter on June 23, 2021.
             Slain by an ogre
             ... wielding a +0 giant club
              (26 damage)
             ... on level 4 of the Dungeon.
             The game lasted 00:16:25 (4841 turns).

nothank2 the Vexing (Spriggan Enchanter)            Turns: 4841, Time: 00:16:26

Health: -2/24      AC:  2    Str:  4    XL:     5   Next: 15%
Magic:  1/3        EV: 18    Int: 16    God:
Gold:   159        SH:  6    Dex: 18    Spells: 7/10 levels left

rFire    . . .     SeeInvis +   i - +2 short sword (antimagic)
rCold    . . .     Faith    .   c - +0 buckler
rNeg     . . .     Spirit   .   b - +0 robe
rPois    .         Reflect  .   (helmet restricted)
rElec    .         Harm     .   (no cloak)
rCorr    .         Rampage  .   (gloves unavailable)
Will     .....                  (boots unavailable)
Stlth    +++.......             (no amulet)
HPRegen  0.08/turn              (no ring)
MPRegen  0.08/turn              (no ring)

@: very slightly contaminated, very quick
A: very small, unfitting armour, see invisible, speed 3
a: no special abilities


You were on level 4 of the Dungeon.
You visited 1 branch of the dungeon, and saw 4 of its levels.

You collected 159 gold pieces.

Inventory:

Hand Weapons
 a - a +1 dagger
 i - a +2 antimagic short sword (weapon)
 m - a +2 dagger of venom
Missiles
 d - a poisoned dart (quivered)
Armour
 b - a +0 robe (worn)
 c - a +0 buckler (worn)
Scrolls
 e - 3 scrolls of identify {unknown}
 g - 2 scrolls of remove curse
 h - 3 scrolls of teleportation
 l - a scroll of enchant weapon {unknown}
Potions
 f - a potion of resistance
 k - a potion of curing {unknown}


   Skills:
 - Level 1.1 Short Blades
 - Level 0.6 Throwing
 - Level 3.0 Dodging
 + Level 4.4 Stealth
 - Level 1.0 Shields
 - Level 3.0 Spellcasting
 + Level 6.4 Hexes


You had 7 spell levels left.
You knew the following spells:

 Your Spells              Type           Power        Failure   Level
a - Corona                Hex            25%          1%          1
b - Ensorcelled Hibernat  Hex/Ice        24%          12%         2

Your spell library contained the following spells:

 Spells                   Type           Power        Failure   Level
 Slow                     Hex            23%          3%          2
 Confusing Touch          Hex            23%          6%          3
 Tukima's Dance           Hex            23%          6%          3
 Dazzling Flash           Conj/Hex       24%          22%         3
 Magic Dart               Conj           8%           28%         1
 Blink                    Tloc           N/A          41%         2
 Call Imp                 Summ           2%           41%         2
 Conjure Flame            Conj/Fire      2%           65%         3
 Mephitic Cloud           Conj/Pois/Air  2%           65%         3


Dungeon Overview and Level Annotations

Branches:
Dungeon (4/15)
 Temple: D:4-7

Altars:
Ru

Annotations:
D:3 2 transporters, Diggabert's ghost, amateur GrFi; Robin


Innate Abilities, Weirdness & Mutations

You are very small and have problems with some larger weapons.
You are too small for most types of armour.
You have supernaturally acute eyesight. (SInv)
You cover ground extremely quickly.


Message History

The helpless ogre fails to defend itself.
You puncture the ogre!
The ogre is heavily wounded.
The ogre misses you.
Casting: Ensorcelled Hibernation (safe; 12% risk of failure)
Confirm with . or Enter, or press ? or * to list all spells.
Aiming: Ensorcelled Hibernation (safe; 12% risk of failure)
Press: ? - help, Shift-Dir - straight line, f - ogre
Aim: an ogre, wielding a +0 giant club (heavily wounded, chance to affect: 43%)
You miscast Ensorcelled Hibernation.
You are very lightly contaminated with residual magic.
Nothing appears to happen.
The ogre misses you.
You hit the ogre.
The ogre is severely wounded.
The ogre barely misses you.
You barely miss the ogre.
The ogre is severely wounded.
The ogre hits you with a +0 giant club!!
Ouch! That really hurt!
You die...

#.... #....
#....#######
#..........#
.....>..<.#
#+#$.....#
#......#
#......#
#..@.).#
#..O...#
#......#
#......#
#########
#......#
#........
.......#
#........
.........
#...)....
...........
+........


You could see an ogre.

Vanquished Creatures
  A scorpion (D:4)
  3 gnolls (D:2)
  2 adders
  An ooze (D:4)
  A dart slug (D:1)
  2 leopard geckos
  An orc (D:3)
  3 bats
  2 giant cockroaches (D:1)
  7 goblins
  2 hobgoblins
  4 jackals (D:3)
  8 kobolds
  2 quokkas (D:2)
  3 ball pythons
  4 frilled lizards
  7 rats
53 creatures vanquished.

Notes
Turn   | Place    | Note
-------+----------+-------------------------------------------
     0 | D:1      | nothank2 the Spriggan Enchanter began the quest for the
                  | Orb.
     0 | D:1      | Reached XP level 1. HP: 9/9 MP: 5/5
    45 | D:1      | Reached skill level 4 in Hexes
   484 | D:1      | Reached XP level 2. HP: 13/13 MP: 6/6
  1333 | D:2      | Learned a level 2 spell: Ensorcelled Hibernation
  1580 | D:2      | Reached skill level 5 in Hexes
  1750 | D:2      | Reached XP level 3. HP: 15/16 MP: 8/8
  2756 | D:2      | Reached XP level 4. HP: 15/21 MP: 7/9
  3103 | D:3      | Found a transporter.
  3110 | D:3      | Noticed Diggabert's ghost (amateur GrFi)
  3217 | D:3      | Found a transporter.
  3255 | D:3      | Found a sacrificial altar of Ru.
  3468 | D:3      | Reached skill level 1 in Shields
  3779 | D:3      | Noticed Robin
  4492 | D:4      | Reached skill level 6 in Hexes
  4492 | D:4      | Reached XP level 5. HP: 21/24 MP: 3/10
  4578 | D:4      | Noticed an ice beast
  4833 | D:4      | Noticed an ogre
  4841 | D:4      | Slain by an ogre

Illustrated notes

Levels and vault maps discovered:
D:1:      mrwooster_arrival_statue, layout_basic
D:2:      layout_loops_ring, minmay_misc_feat_cross, minmay_indecisive_spiral
D:3:      layout_basic, nicolae_overflow_crystal_walls,
          gammafunk_ghost_stat_death, uniq_robin
D:4:      layout_gridville, minitemple, gup_sewer_entry_bubbles

Skill      XL: |  1  2  3  4 |
---------------+-------------+-----
Hexes          | 4 5 6 |  6.4
Spellcasting   | 3 |  3.0
Shields        | 1 |  1.0
Short Blades   | |  1.1
Throwing       | |  0.6
Dodging        | |  3.0
Stealth        | |  4.4

Action                   |  1- 3 |  4- 6 || total
-------------------------+-------+-------++-------
Melee: Dagger            |   154 |    13 ||   167
       Short sword       |       |    58 ||    58
Throw: Dart              |    18 |    30 ||    48
 Cast: Corona            |     1 |       ||     1
       Ensorcelled Hiber |       |     3 ||     3
  Use: Scroll            |     2 |     2 ||     4
 Stab: Sleeping          |     7 |     5 ||    12
Armor: Robe              |    10 |     9 ||    19
Dodge: Dodged            |   110 |    46 ||   156
Block: Buckler           |    23 |    20 ||    43
